Dungeon Sprint DCSS version 0.16-a0-119-gc74d62a (webtiles) character file.

13600000 BlueCrake the Axe Maniac (level 27, -103/248 (249) HPs) Began as a Demonspawn Warper on Aug 12, 2014. Was the Champion of Makhleb. Annihilated by a fleshlord ... wielding a +9 great mace (314 damage) ... in the Dungeon (Sprint VIII: "Arena of Blood"). The game lasted 00:10:36 (136 turns). BlueCrake the Axe Maniac (Demonspawn Warper) Turns: 136, Time: 00:10:37 HP -103/248 (249)AC 6 Str 18 XL: 27 MP 49/49 EV 47 Int 15 God: Makhleb [******] Gold 0 SH 0 Dex 35 Spells: 1 memorised, 79 levels left rFire + . . SeeInvis + l - +∞ Axe of Woe rCold + . . Clarity . b - +0 leather armour rNeg + . . rCorr . (no shield) rPois . rRot . (helmet unavailable) rElec . Spirit . (no cloak) SustAb . Warding . (no gloves) rMut . NoTele + (no boots) Gourm . (no amulet) MR ++... m - ring of protection from fire n - ring of see invisible @: mighty, agile, lethally poisoned, rotting, hasted and slowed, drained, very resistant to hostile enchantments, uncannily stealthy A: horns 3, thin skeletal structure 3, cold resistance 1, icemail, negative energy resistance 1, powered by pain 3, 50% torment resistance, black mark, freezing cloud immunity a: Minor Destruction, Lesser Servant of Makhleb, Major Destruction, Greater Servant of Makhleb, Renounce Religion You were in the Dungeon. You worshipped Makhleb. Makhleb was exalted by your worship. You were not hungry. You visited 1 branch

Inventory:

Hand weapons
 a - a +0 hand axe
 l - the +∞ Axe of Woe (weapon)
   (You found it in the Dungeon)
Missiles
 e - 5 tomahawks (quivered)
Armour
 b - a +0 leather armour (worn)
Comestibles
 f - a bread ration
Scrolls
 d - 2 scrolls of blinking
Jewellery
 m - a ring of protection from fire (right hand)
 n - a ring of see invisible (left hand)
Potions
 g - a potion of curing
 h - a potion of heal wounds
 j - 2 potions of magic
 k - a potion of berserk rage
Books
 c - a book of Spatial Translocations

   Spells                             Type                      Level
   *Apportation                       Translocation                1
   Blink                              Translocation                2
   Shroud of Golubria                 Charms/Translocation         2
   Portal Projectile                  Translocation                3
   Teleport Other                     Translocation                3
   Passage of Golubria                Translocation                4


   Skills:
 O Level 27(26.7) Fighting
 O Level 27(26.7) Axes
 O Level 27(26.7) Throwing
 O Level 27(26.7) Armour
 O Level 27(26.7) Dodging
 O Level 27(26.7) Stealth
 O Level 27(26.7) Unarmed Combat
 O Level 27(26.7) Spellcasting
 O Level 27(26.7) Translocations
 O Level 27(26.7) Invocations


You had 79 spell levels left.
You knew the following spells:

 Your Spells              Type           Power        Failure   Level  Hunger
a - Apportation           Tloc           #######...   0%          1    None


Dungeon Overview and Level Annotations

Branches:
Dungeon (1/1)

Altars:
Makhleb


Innate Abilities, Weirdness & Mutations

You have a pair of large horns on your head.
You have an unnaturally thin skeletal structure (Dex +6, Stealth++).
Your flesh is cold resistant.
A meltable icy envelope protects you from harm and freezing vapours (AC +0).
You resist negative energy.
You are powered by pain.
You are somewhat able to resist unholy torments (1 in 2 success).
Your melee attacks sometimes drain vitality from your foes.
You are immune to freezing clouds.


Message History

Drink which item? (? for menu, Esc to quit)
Okay, then.
Drink which item? (? for menu, Esc to quit)
You feel yourself speed up.
You feel extremely sick.
You hear a shout! x6
The tyrant completely misses you.
You hear a shout! x2
The meat berserker appears out of thin air!
A meat berserker comes into view. It is wielding a +9 battleaxe.
The large abomination completely misses you. x2
You hear a shout!
The large bag of meat completely misses you.
You hear a shout! x3
The fleshlord mumbles some strange words.
The fleshlord seems to speed up.
You hear a shout!
The fleshlord hits you with a +9 great mace!!!!!!
Ouch! That really hurt!
You die...

.......###.........#.#)#
.###.......###.......)%
..#.......#..§...))...
...#.......#.).))))....
............)))))))))...
........p...).))#)).#...
.....XX.).).)..#§...#...
.......XLXp))p##.....#...
...#.oC@pW)p#.p....#....
.......o)))).#...###....#
..##.#............ ..#.
...O............ ...
#....#.....####.. . .
.p......... .
............ ...........
#####


You could see a tentacled monstrosity, a tyrant, 6 fleshlords, a large bag of
meat (inner flame), 3 large abominations, a lost soul (invisible), a meat
berserker (berserk) and 2 bags of meat.

Vanquished Creatures
  Edmund (D)
  Sigmund (D)
  4 great orbs of eyes (D)
  5 greater mummies (D)
  5 hell beasts (D)
  A hell knight (D)
  6 hill giants (D)
  3 hydras (D)
  4 liches (D)
  37 ogres (D)
  91 orcs (D)
  4 phantoms (D)
  4 skeletal warriors (D)
  14 vampire knights (D)
  5 wraiths (D)
  6 sea snakes (D)
  A tentacled monstrosity (D)
  A reaper (D)
  6 large abominations (D)
  6 small abominations (D)
  11 crawling corpses (D)
216 creatures vanquished.

Vanquished Creatures (collateral kills)
  A crawling corpse (D)
1 creature vanquished.

Vanquished Creatures (others)
  A balrug (D)
  3 crawling corpses (D)
4 creatures vanquished.

Grand Total: 221 creatures vanquished

Notes
Turn   | Place    | Note
--------------------------------------------------------------
     0 | D        | BlueCrake, the Demonspawn Warper, began the quest for the Orb.
     0 | D        | Reached XP level 1. HP: 16/16 MP: 3/3
     3 | D        | Noticed a bag of meat
     4 | D        | Became a worshipper of Makhleb the Destroyer
     5 | D        | Noticed a bag of meat
     5 | D        | Noticed a bag of meat
     6 | D        | Noticed a bag of meat
     6 | D        | Noticed a meat berserker
     7 | D        | Noticed a bag of meat
     7 | D        | Noticed a meat berserker
     8 | D        | Noticed a bag of meat
     8 | D        | Noticed a bag of meat
     8 | D        | Killed a bag of meat
     8 | D        | Reached skill level 15 in Fighting
     8 | D        | Reached skill level 19 in Axes
     8 | D        | Gained mutation: Your flesh is cold resistant. [demonic ancestry]
     8 | D        | Reached XP level 2. HP: 18/45 MP: 4/4
     8 | D        | Reached XP level 3. HP: 20/51 MP: 6/6
     8 | D        | Reached XP level 4. HP: 22/58 MP: 7/7
     8 | D        | Gained mutation: You sometimes gain a little power by taking damage. [demonic ancestry]
     8 | D        | Reached XP level 5. HP: 24/64 MP: 9/9
     8 | D        | Gained mutation: You have a pair of small horns on your head. [demonic ancestry]
     8 | D        | Reached XP level 6. HP: 26/71 MP: 10/10
     8 | D        | Reached XP level 7. HP: 28/77 MP: 12/12
     8 | D        | Gained mutation: You sometimes gain power by taking damage. [demonic ancestry]
     8 | D        | Reached XP level 8. HP: 30/85 MP: 13/13
     8 | D        | Reached XP level 9. HP: 32/91 MP: 14/14
     8 | D        | Gained mutation: You are powered by pain. [demonic ancestry]
     8 | D        | Reached XP level 10. HP: 34/98 MP: 16/16
     8 | D        | Reached XP level 11. HP: 36/104 MP: 17/17
     8 | D        | Killed a bag of meat
     8 | D        | Acquired Makhleb's first power
     8 | D        | Reached skill level 22 in Axes
     8 | D        | Reached XP level 12. HP: 38/116 MP: 18/18
     9 | D        | Noticed a bag of meat
     9 | D        | Noticed a bag of meat
     9 | D        | Killed a meat berserker
     9 | D        | Reached skill level 24 in Axes
     9 | D        | Gained mutation: You have a somewhat thin skeletal structure (Dex +2, Stealth). [demonic ancestry]
     9 | D        | Reached XP level 13. HP: 104/126 MP: 19/19
    10 | D        | Noticed a bag of meat
    10 | D        | Noticed a meat berserker
    10 | D        | Noticed a meat berserker
    11 | D        | Killed a bag of meat
    11 | D        | Reached skill level 25 in Axes
    11 | D        | Killed a bag of meat
    11 | D        | Acquired Makhleb's second power
    11 | D        | Reached skill level 26 in Axes
    11 | D        | Reached XP level 14. HP: 110/139 MP: 20/20
    13 | D        | Noticed a bag of meat
    13 | D        | Killed a meat berserker
    13 | D        | Reached skill level 27 in Axes
    14 | D        | Killed a bag of meat
    14 | D        | Gained mutation: You are immune to freezing clouds. [demonic ancestry]
    14 | D        | Reached XP level 15. HP: 45/156 MP: 21/21
    14 | D        | Killed a meat berserker
    14 | D        | Acquired Makhleb's third power
    14 | D        | Reached skill level 27 in Fighting
    14 | D        | Killed a bag of meat
    14 | D        | Reached skill level 5 in Armour
    15 | D        | Noticed a meat berserker
    16 | D        | Noticed a bag of meat
    16 | D        | Noticed a bag of meat
    17 | D        | Noticed a bag of meat
    19 | D        | Noticed a large bag of meat
    19 | D        | Killed a bag of meat
    19 | D        | Reached skill level 10 in Invocations
    19 | D        | Killed a bag of meat
    19 | D        | Acquired Makhleb's fourth power
    19 | D        | Reached skill level 10 in Stealth
    19 | D        | Reached XP level 16. HP: 167/167 MP: 21/32
    20 | D        | Noticed a bag of meat
    20 | D        | Killed a meat berserker
    20 | D        | Reached skill level 10 in Armour
    20 | D        | Reached skill level 10 in Dodging
    20 | D        | Reached skill level 10 in Spellcasting
    20 | D        | Reached skill level 10 in Translocations
    20 | D        | Killed a meat berserker
    20 | D        | Reached skill level 15 in Invocations
    21 | D        | Noticed a bag of meat
    21 | D        | Noticed a bag of meat
    22 | D        | Noticed a destroyer
    22 | D        | Noticed a bag of meat
    22 | D        | Noticed a bag of meat
    22 | D        | Killed a bag of meat
    23 | D        | Killed a bag of meat
    23 | D        | Acquired Makhleb's fifth power
    23 | D        | Reached XP level 17. HP: 174/174 MP: 22/37
    24 | D        | Noticed a meat berserker
    25 | D        | Noticed a destroyer
    25 | D        | Noticed a bag of meat
    25 | D        | Noticed a bag of meat
    26 | D        | Killed a bag of meat
    26 | D        | Reached skill level 15 in Stealth
    27 | D        | Noticed a meat berserker
    27 | D        | Killed a bag of meat
    27 | D        | Killed a bag of meat
    27 | D        | Reached skill level 15 in Armour
    27 | D        | Reached skill level 15 in Dodging
    27 | D        | Reached skill level 15 in Spellcasting
    27 | D        | Reached skill level 15 in Translocations
    27 | D        | Killed a meat berserker
    28 | D        | Killed a destroyer
    28 | D        | Gained mutation: You have a moderately thin skeletal structure (Dex +4, Stealth+). [demonic ancestry]
    28 | D        | Reached XP level 18. HP: 182/182 MP: 23/39
    28 | D        | Killed a bag of meat
    29 | D        | Noticed a bag of meat
    29 | D        | Noticed a destroyer
    30 | D        | Noticed a destroyer
    30 | D        | Noticed a large bag of meat
    31 | D        | Killed a bag of meat
    31 | D        | Killed a meat berserker
    31 | D        | Killed a bag of meat
    31 | D        | Killed a bag of meat
    33 | D        | Killed a destroyer
    33 | D        | Gained mutation: You have an unnaturally thin skeletal structure (Dex +6, Stealth++). [demonic ancestry]
    33 | D        | Reached XP level 19. HP: 189/189 MP: 40/42
    33 | D        | Killed a bag of meat
    35 | D        | Killed a bag of meat
    35 | D        | Killed a destroyer
    35 | D        | Reached skill level 27 in Invocations
    35 | D        | Killed a bag of meat
    36 | D        | Killed a destroyer
    36 | D        | Killed a large bag of meat
    36 | D        | Gained mutation: A meltable icy envelope protects you from harm and freezing vapours (AC +0). [demonic ancestry]
    36 | D        | Reached XP level 20. HP: 197/197 MP: 44/44
    37 | D        | Noticed a meat berserker
    39 | D        | Noticed a bag of meat
    39 | D        | Noticed a bag of meat
    39 | D        | Noticed a sculptor of flesh
    40 | D        | Noticed a meat berserker
    40 | D        | Noticed a bag of meat
    40 | D        | Noticed a bag of meat
    41 | D        | Noticed a bag of meat
    41 | D        | Killed a meat berserker
    42 | D        | Noticed a destroyer
    42 | D        | Noticed a destroyer
    42 | D        | Killed a large bag of meat
    43 | D        | Noticed a bag of meat
    43 | D        | Noticed a bag of meat
    43 | D        | Noticed a bag of meat
    43 | D        | Noticed a bag of meat
    43 | D        | Noticed a sculptor of flesh
    44 | D        | Noticed a bag of meat
    44 | D        | Noticed a bag of meat
    44 | D        | Noticed a meat berserker
    44 | D        | Killed a destroyer
    45 | D        | Killed a meat berserker
    45 | D        | Killed a bag of meat
    46 | D        | Noticed a bag of meat
    46 | D        | Noticed a bag of meat
    46 | D        | Noticed a bag of meat
    46 | D        | Noticed a bag of meat
    46 | D        | Killed a bag of meat
    46 | D        | Killed a bag of meat
    46 | D        | Reached XP level 21. HP: 204/204 MP: 44/46
    47 | D        | Killed a bag of meat
    47 | D        | Killed a bag of meat
    47 | D        | Reached skill level 27 in Stealth
    47 | D        | Killed a destroyer
    48 | D        | Noticed a bag of meat
    48 | D        | Noticed a destroyer
    48 | D        | Killed a bag of meat
    48 | D        | Killed a bag of meat
    49 | D        | Noticed an accursed
    49 | D        | Noticed a bag of meat
    49 | D        | Noticed a destroyer
    50 | D        | Noticed a meat berserker
    50 | D        | Noticed a bag of meat
    50 | D        | Killed a bag of meat
    50 | D        | Reached skill level 27 in Armour
    50 | D        | Reached skill level 27 in Dodging
    50 | D        | Reached skill level 27 in Spellcasting
    50 | D        | Reached skill level 27 in Translocations
    51 | D        | Reached skill level 5 in Throwing
    51 | D        | Reached skill level 5 in Unarmed Combat
    51 | D        | Killed a meat berserker
    51 | D        | Reached skill level 10 in Throwing
    51 | D        | Reached skill level 10 in Unarmed Combat
    51 | D        | Killed a sculptor of flesh
    51 | D        | Killed a destroyer
    51 | D        | Reached skill level 15 in Throwing
    51 | D        | Reached skill level 15 in Unarmed Combat
    51 | D        | Reached XP level 22. HP: 212/212 MP: 45/47
    52 | D        | Noticed a meat berserker
    52 | D        | Noticed a meat berserker
    52 | D        | Noticed a bag of meat
    52 | D        | Killed a bag of meat
    52 | D        | Killed a bag of meat
    52 | D        | Killed a bag of meat
    52 | D        | Killed a bag of meat
    53 | D        | Noticed a bag of meat
    53 | D        | Noticed a destroyer
    54 | D        | Noticed a bag of meat
    54 | D        | Noticed a destroyer
    54 | D        | Killed a bag of meat
    54 | D        | Killed a bag of meat
    54 | D        | Killed a sculptor of flesh
    55 | D        | Noticed a meat berserker
    55 | D        | Killed a meat berserker
    56 | D        | Noticed an accursed
    56 | D        | Killed a destroyer
    56 | D        | Gained mutation: You have a pair of horns on your head. [demonic ancestry]
    56 | D        | Reached XP level 23. HP: 219/219 MP: 48/48
    56 | D        | Killed a meat berserker
    56 | D        | Killed a bag of meat
    56 | D        | Reached skill level 27 in Throwing
    56 | D        | Reached skill level 27 in Unarmed Combat
    57 | D        | Noticed a bag of meat
    57 | D        | Noticed a large bag of meat
    57 | D        | Killed a bag of meat
    57 | D        | Killed a meat berserker
    57 | D        | Killed a bag of meat
    58 | D        | Killed a destroyer
    58 | D        | Killed a destroyer
    59 | D        | Noticed a destroyer
    60 | D        | Noticed The Captor
    60 | D        | Killed a bag of meat
    60 | D        | Killed a meat berserker
    60 | D        | Gained mutation: You have a pair of large horns on your head. [demonic ancestry]
    60 | D        | Reached XP level 24. HP: 227/227 MP: 48/48
    61 | D        | Noticed a meat berserker
    62 | D        | Killed The Captor
    62 | D        | Killed an accursed
    63 | D        | Noticed a bag of meat
    64 | D        | Noticed a bag of meat
    64 | D        | Noticed a bag of meat
    64 | D        | Noticed a bag of meat
    64 | D        | Noticed a bag of meat
    64 | D        | Noticed a bag of meat
    64 | D        | Noticed a bag of meat
    64 | D        | Noticed a bag of meat
    65 | D        | Noticed a meat berserker
    65 | D        | Noticed a bag of meat
    65 | D        | Noticed a bag of meat
    65 | D        | Killed a meat berserker
    65 | D        | Killed a bag of meat
    66 | D        | Noticed a bag of meat
    66 | D        | Killed a large bag of meat
    67 | D        | Noticed a bag of meat
    67 | D        | Noticed a bag of meat
    67 | D        | Noticed a bag of meat
    67 | D        | Noticed a meat beast
    67 | D        | Killed a bag of meat
    67 | D        | Killed a bag of meat
    67 | D        | Killed an accursed
    68 | D        | Noticed a bag of meat
    68 | D        | Noticed a meat berserker
    68 | D        | Killed a bag of meat
    69 | D        | Noticed a meat berserker
    69 | D        | Noticed a bag of meat
    69 | D        | Noticed a bag of meat
    69 | D        | Noticed a dread
    69 | D        | Killed a bag of meat
    69 | D        | Killed a meat beast
    69 | D        | Gained mutation: You resist negative energy. [demonic ancestry]
    69 | D        | Reached XP level 25. HP: 234/234 MP: 49/49
    70 | D        | Noticed a bag of meat
    70 | D        | Noticed a large bag of meat
    71 | D        | Noticed a bag of meat
    71 | D        | Noticed a meat berserker
    71 | D        | Killed a bag of meat
    71 | D        | Killed a destroyer
    71 | D        | Killed a bag of meat
    72 | D        | Noticed an eight-headed meat hydra
    72 | D        | Noticed a bag of meat
    72 | D        | Noticed a dread
    73 | D        | Noticed a bag of meat
    74 | D        | Noticed a bag of meat
    74 | D        | Killed a bag of meat
    74 | D        | Killed a bag of meat
    74 | D        | Killed a bag of meat
    74 | D        | Killed a bag of meat
    74 | D        | Killed a bag of meat
    75 | D        | Killed a bag of meat
    75 | D        | Killed a meat berserker
    75 | D        | Killed a bag of meat
    75 | D        | Killed a meat berserker
    75 | D        | Gained mutation: You are somewhat able to resist unholy torments (1 in 2 success). [demonic ancestry]
    75 | D        | Reached XP level 26. HP: 241/241 MP: 49/49
    77 | D        | Killed a dread
    77 | D        | Killed a bag of meat
    77 | D        | Killed a large bag of meat
    77 | D        | Killed a meat berserker
    78 | D        | Noticed a bag of meat
    78 | D        | Killed a bag of meat
    78 | D        | Killed a bag of meat
    78 | D        | Killed a bag of meat
    79 | D        | Noticed a bag of meat
    79 | D        | Noticed a meat berserker
    79 | D        | Killed a bag of meat
    79 | D        | Killed a nine-headed meat hydra
    80 | D        | Noticed a meat berserker
    80 | D        | Noticed a meat berserker
    81 | D        | Killed a bag of meat
    81 | D        | Killed a dread
    81 | D        | Killed a bag of meat
    82 | D        | Noticed a bag of meat
    82 | D        | Noticed a meat beast
    83 | D        | Noticed a meat beast
    83 | D        | Noticed a bag of meat
    84 | D        | Killed a meat berserker
    84 | D        | Gained mutation: Your melee attacks sometimes drain vitality from your foes. [demonic ancestry]
    84 | D        | Reached XP level 27. HP: 248/248 MP: 49/49
    84 | D        | Killed a bag of meat
    85 | D        | Noticed a bag of meat
    86 | D        | Noticed a bag of meat
    86 | D        | Noticed a bag of meat
    86 | D        | Noticed a bag of meat
    86 | D        | Noticed a meat berserker
    86 | D        | Noticed a bag of meat
    87 | D        | Noticed a meat berserker
    87 | D        | Killed a meat beast
    87 | D        | Killed a bag of meat
    88 | D        | Noticed a large bag of meat
    88 | D        | Killed a bag of meat
    88 | D        | Killed a meat berserker
    88 | D        | Killed a meat berserker
    89 | D        | Noticed a bag of meat
    90 | D        | Noticed a sculptor of flesh
    90 | D        | Killed a meat berserker
    90 | D        | Killed a meat berserker
    90 | D        | Killed a lost soul
    90 | D        | Killed a meat berserker
    91 | D        | Killed a bag of meat
    91 | D        | Killed a bag of meat
    91 | D        | Killed a bag of meat
    92 | D        | Killed a meat beast
    92 | D        | Killed a bag of meat
    93 | D        | Noticed a meat berserker
    94 | D        | Killed a bag of meat
    94 | D        | Killed a bag of meat
    94 | D        | Killed a bag of meat
    95 | D        | Noticed a dread
    95 | D        | Noticed a bag of meat
    96 | D        | Noticed a tyrant
    96 | D        | Noticed a bag of meat
    96 | D        | Noticed a meat berserker
    96 | D        | Killed a large bag of meat
    96 | D        | HP: 2/248 [large bag of meat/exploding inner flame (37)]
    96 | D        | Killed a bag of meat
    97 | D        | Killed a sculptor of flesh
    97 | D        | Killed a meat berserker
    97 | D        | Killed a bag of meat
    97 | D        | Killed a bag of meat
    97 | D        | Killed a bag of meat
    98 | D        | Noticed a meat berserker
    98 | D        | Killed a meat berserker
    99 | D        | Noticed a meat berserker
   100 | D        | Noticed The Defiler
   100 | D        | Killed a bag of meat
   100 | D        | Killed an observer
   100 | D        | Killed a dread
   101 | D        | Noticed a tyrant
   101 | D        | Noticed a bag of meat
   101 | D        | Noticed a bag of meat
   101 | D        | Noticed a bag of meat
   102 | D        | Noticed an accursed
   102 | D        | Killed a bag of meat
   103 | D        | Noticed a bag of meat
   103 | D        | Noticed a sculptor of flesh
   103 | D        | Killed a meat berserker
   103 | D        | Killed a meat berserker
   104 | D        | Noticed a meat berserker
   104 | D        | Noticed a bag of meat
   105 | D        | Noticed a destroyer
   106 | D        | Killed an accursed
   106 | D        | Killed a bag of meat
   106 | D        | Killed a lost soul
   107 | D        | Killed a bag of meat
   107 | D        | Killed a bag of meat
   108 | D        | Noticed a meat berserker
   108 | D        | Killed a bag of meat
   108 | D        | Killed a tyrant
   109 | D        | Noticed a bag of meat
   109 | D        | Noticed a bag of meat
   110 | D        | Noticed a meat berserker
   110 | D        | Noticed a tyrant
   110 | D        | Noticed a meat berserker
   110 | D        | Killed an observer
   110 | D        | Killed a bag of meat
   111 | D        | Noticed a meat berserker
   111 | D        | Noticed a meat beast
   111 | D        | Noticed a bag of meat
   112 | D        | Noticed a meat berserker
   112 | D        | Noticed a bag of meat
   112 | D        | Killed an observer
   112 | D        | Killed a meat berserker
   113 | D        | Noticed an accursed
   113 | D        | Killed a meat berserker
   113 | D        | Killed a tyrant
   113 | D        | Killed The Defiler
   114 | D        | Noticed a destroyer
   115 | D        | Noticed a meat berserker
   115 | D        | Killed a meat berserker
   115 | D        | Killed a meat beast
   115 | D        | Killed a meat berserker
   116 | D        | Noticed a bag of meat
   116 | D        | Noticed a dread
   117 | D        | Noticed a dread
   117 | D        | Noticed a tyrant
   117 | D        | Noticed a bag of meat
   117 | D        | Killed a bag of meat
   117 | D        | Killed a bag of meat
   117 | D        | Killed a tyrant
   117 | D        | Killed a meat berserker
   118 | D        | Noticed a meat berserker
   118 | D        | Killed a bag of meat
   118 | D        | Killed a meat berserker
   118 | D        | Killed an observer
   119 | D        | Noticed a destroyer
   119 | D        | Noticed a bag of meat
   119 | D        | Noticed a large bag of meat
   120 | D        | Killed a bag of meat
   120 | D        | Killed an accursed
   120 | D        | Killed a sculptor of flesh
   122 | D        | Killed a meat berserker
   122 | D        | Killed a bag of meat
   122 | D        | Killed a meat berserker
   123 | D        | Killed a destroyer
   124 | D        | Killed a dread
   124 | D        | Killed a destroyer
   125 | D        | Killed a dread
   125 | D        | Killed a large bag of meat
   126 | D        | Noticed a bag of meat
   127 | D        | Killed a bag of meat
   127 | D        | Killed a lost soul
   127 | D        | Killed a destroyer
   127 | D        | Killed a bag of meat
   128 | D        | Noticed a meat berserker
   128 | D        | Noticed a bag of meat
   128 | D        | Noticed a lost soul
   129 | D        | Noticed a tyrant
   129 | D        | Noticed a bag of meat
   129 | D        | Killed a tyrant
   129 | D        | Killed a bag of meat
   130 | D        | Noticed an accursed
   130 | D        | Noticed a fleshlord
   130 | D        | Noticed a fleshlord
   131 | D        | Noticed a fleshlord
   131 | D        | Noticed a meat beast
   132 | D        | Noticed a large bag of meat
   132 | D        | Noticed a fleshlord
   132 | D        | Noticed a bag of meat
   133 | D        | Noticed a fleshlord
   133 | D        | Noticed a bag of meat
   133 | D        | Noticed a lost soul
   133 | D        | Killed a meat berserker
   133 | D        | Killed a fleshlord
   133 | D        | Killed a lost soul
   134 | D        | Noticed a fleshlord
   134 | D        | Noticed a bag of meat
   135 | D        | Noticed a destroyer
   135 | D        | Killed a bag of meat
   135 | D        | Killed an accursed
   135 | D        | Killed a bag of meat
   135 | D        | Killed a meat beast
   135 | D        | Killed a bag of meat
   136 | D        | Noticed a fleshlord
   136 | D        | Annihilated by a fleshlord

Action                   |  1- 3 |  4- 6 |  7- 9 | 10-12 | 13-15 | 16-18 | 19-21 | 22-24 | 25-27 || total
-------------------------+-------+-------+-------+-------+-------+-------+-------+-------+-------++-------
Melee: Executioner's axe |     1 |       |       |     1 |     4 |     7 |    11 |    12 |    37 ||    73
 Cast: Apportation       |       |       |       |       |       |       |       |       |     2 ||     2
Invok: Greater Servant o |       |       |       |       |       |       |       |       |     1 ||     1
  Use: Potion            |       |       |       |       |       |       |       |       |     1 ||     1
 Stab: Distracted        |       |       |       |       |       |     1 |       |       |     1 ||     2
